 Dungeon Crawl Stone Soup version 0.25-a0-589-g1e14c549ee (webtiles) character file.

Game seed: 11306234221785428046, levelgen mode: deterministic

72 An17 the Sneak (level 4, -1/24 HPs)
             Began as a Vampire Enchanter on Mar 11, 2020.
             Slain by a centaur (8 damage)
             ... on level 3 of the Dungeon.
             The game lasted 00:05:53 (1604 turns).

An17 the Sneak (Vampire Enchanter)                  Turns: 1604, Time: 00:05:54

Health: -1/24      AC:  4    Str:  7    XL:     4   Next: 6%
Magic:  1/7        EV: 12    Int: 17    God:
Gold:   58         SH:  0    Dex: 15    Spells: 1/7 levels left

rFire    + . .     SeeInvis +   a - +1 dagger
rCold    + . .     Gourm    .   (no shield)
rNeg     + + +     Faith    .   n - +0 leather armour
rPois    ∞         Spirit   .   (no helmet)
rElec    .         Reflect  .   (no cloak)
rCorr    .         Harm     .   l - +0 pair of gloves
MR       .....                  (no boots)
Stlth    ++++++....             o - amulet of inaccuracy (curse)
HPRegen  0.00/turn              c - ring of fire
MPRegen  0.10/turn              f - ring of stealth

@: very slightly contaminated, bloodless
A: no food, fangs 3, see invisible, unbreathing
a: Bat Form, Revivify


You were on level 3 of the Dungeon.
You were bloodless.

You visited 1 branch of the dungeon, and saw 3 of its levels.

You collected 58 gold pieces.

Inventory:

Hand Weapons
 a - a +1 dagger (weapon)
Armour
 h - a +0 ring mail
 l - a +0 pair of gloves (worn)
 n - a +0 leather armour (worn)
Jewellery
 c - a ring of fire (left hand)
 f - a ring of stealth (right hand)
 o - a cursed amulet of inaccuracy (around neck)
Scrolls
 d - a scroll of teleportation
 m - a scroll of remove curse
Potions
 b - a potion of haste {unknown}
 e - a potion of flight {unknown}
 g - a potion of heal wounds {unknown}
 i - a potion of brilliance
 j - 3 potions of curing {unknown}
 k - a potion of might {unknown}


   Skills:
 + Level 0.6 Fighting
 + Level 1.9 Short Blades
 + Level 2.5 Dodging
 + Level 5.7 Stealth
 + Level 2.3 Spellcasting
 + Level 5.0 Hexes
 + Level 0.1 Ice Magic


You had one spell level left.
You knew the following spells:

 Your Spells              Type           Power        Failure   Level  Hunger
a - Corona                Hex            ###....      3%          1    N/A
b - Ensorcelled Hibernat  Hex/Ice        ##....       14%         2    N/A
c - Tukima's Dance        Hex            ###.....     11%         3    N/A

Your spell library contained the following spells:

 Spells                   Type           Power        Failure   Level  Hunger
 Confusing Touch          Hex            ###.....     11%         3    N/A
 Dazzling Flash           Conj/Hex       ##....       30%         3    N/A

Dungeon Overview and Level Annotations

Branches:
Dungeon (3/15)

Altars:
Vehumet
Yredelemnul


Innate Abilities, Weirdness & Mutations

You do not eat.
You do not regenerate when monsters are visible.
You are frail without blood (-20% HP).
You can heal yourself when you bite living creatures.
You are immune to poison.
You have razor-sharp teeth.
You have supernaturally acute eyesight. (SInv)
You can survive without breathing.


Message History

You bite the hobgoblin, and draw its blood!
You feel better.
You impale the hobgoblin!!
You kill the hobgoblin!
Casting: Ensorcelled Hibernation (safe; 14% risk of failure)
Confirm with . or Enter, or press ? or * to list all spells.
Aiming: Ensorcelled Hibernation (safe; 14% risk of failure)
Press: ? - help, Shift-Dir - straight line, f - centaur
Aim: a centaur, wielding a +0 shortbow and quivering an arrow (chance to defeat MR: 41%)
You miscast Ensorcelled Hibernation.
You are very lightly contaminated with residual magic.
Frost spreads across the the floor.
The centaur unwields a +0 shortbow.
The centaur barely misses you. The centaur hits you!
* * * LOW HITPOINT WARNING * * *
Casting: Ensorcelled Hibernation (safe; 14% risk of failure)
Confirm with . or Enter, or press ? or * to list all spells.
Aiming: Ensorcelled Hibernation (safe; 14% risk of failure)
Press: ? - help, Shift-Dir - straight line, f/p - centaur
Aim: a centaur, quivering an arrow (chance to defeat MR: 41%)
The centaur resists with some effort.
The centaur hits you!
You die...

....#.######... #.
#........$..
..##.##...........
#.................
#.##.##c#######... #
#.##.# . #. #.##(#
#.##.##.# #....@c.#
#.....).# ####.####
#######.#
........#################
.#######.................
#.###.#...........
#.###.#.#..#......
#.##....#..#.##...


You could see a centaur.

Vanquished Creatures
  An ooze (D:1)
  4 worms (D:2)
  3 dart slugs
  A leopard gecko (D:1)
  3 orcs (D:3)
  2 bats (D:1)
  3 giant cockroaches
  3 goblins (D:1)
  6 hobgoblins
  3 jackals (D:2)
  5 kobolds
  6 frilled lizards
  5 rats
45 creatures vanquished.

Notes
Turn   | Place    | Note
-------+----------+-------------------------------------------
     0 | D:1      | An17 the Vampire Enchanter began the quest for the Orb.
     0 | D:1      | Reached XP level 1. HP: 13/13 MP: 3/3
   123 | D:1      | Reached XP level 2. HP: 10/19 MP: 5/5
   150 | D:1      | Learned a level 2 spell: Ensorcelled Hibernation
   188 | D:1      | Reached skill level 5 in Stealth
   563 | D:2      | Reached XP level 3. HP: 19/19 MP: 3/6
   568 | D:2      | Learned a level 3 spell: Tukima's Dance
   758 | D:2      | Found a radiant altar of Vehumet.
  1363 | D:2      | Found a basalt altar of Yredelemnul.
  1555 | D:3      | Reached XP level 4. HP: 24/24 MP: 4/7
  1558 | D:3      | Reached skill level 5 in Hexes
  1589 | D:3      | Noticed a centaur
  1604 | D:3      | Slain by a centaur

Levels and vault maps discovered:
D:1:      dpeg_arrival_tiny_i, layout_rooms, minmay_misc_feat_more_columns
D:2:      layout_loops_corners, vehumet_crystals, nicolae_overflow_hidden_temple
D:3:      layout_loops_cross, lemuel_coloured_pillars_altar, first_ration,
          minmay_misc_feat_cross

Skill      XL: |  1  2  3  4 |
---------------+-------------+-----
Stealth        | 5 |  5.7
Hexes          | 5 |  5.0
Fighting       | |  0.6
Short Blades   | |  1.9
Dodging        | |  2.5
Spellcasting   | |  2.3
Ice Magic      | |  0.1

Action                   |  1- 3 |  4- 6 || total
-------------------------+-------+-------++-------
Melee: Dagger            |   110 |     3 ||   113
       Bite              |    11 |       ||    11
 Cast: Corona            |     1 |       ||     1
       Ensorcelled Hiber |    10 |     3 ||    13
 Abil: Exsanguinate      |     1 |       ||     1
  Use: Scroll            |     6 |       ||     6
 Stab: Sleeping          |    25 |     3 ||    28
Armor: Robe              |    12 |       ||    12
Dodge: Dodged            |    51 |     2 ||    53

Table legend:
 A = Non-vault XP
 B = Vault XP
 C = Vault XP percentage of total XP
 D = Non-vault monster count
 E = Vault monster count
 F = Vault count percentage of total count
                 A         B        C        D         E       F
            +---------+---------+-------+---------+---------+-------
      Total |     103 |       0 |   0.0 |      45 |       0 |   0.0
            +---------+---------+-------+---------+---------+-------
        D:1 |      40 |       0 |   0.0 |      18 |       0 |   0.0
        D:2 |      49 |       0 |   0.0 |      20 |       0 |   0.0
        D:3 |      14 |       0 |   0.0 |       7 |       0 |   0.0
            +---------+---------+-------+---------+---------+-------
